 Dungeon Crawl Stone Soup version 0.21.0 (webtiles) character file.

276 DavoTC the Chopper (level 6, -5/53 HPs)
             Began as a Hill Orc Fighter on Jan 19, 2018.
             Was an Initiate of Okawaru.
             Slain by an ogre
             ... wielding a +0 giant spiked club
              (18 damage)
             ... on level 4 of the Dungeon.
             The game lasted 00:35:57 (4985 turns).

DavoTC the Chopper (Hill Orc Fighter)               Turns: 4985, Time: 00:35:57

Health: -5/53      AC:  8    Str: 19    XL:     6   Next: 25%
Magic:  6/6        EV:  7    Int:  8    God:    Okawaru [......]
Gold:   169        SH:  9    Dex: 12    Spells: 5/5 levels left

rFire    . . .     SeeInvis .   a - +0 war axe
rCold    . . .     Gourm    .   c - +0 shield
rNeg     + . .     Faith    .   b - +0 scale mail
rPois    .         Spirit   .   (no helmet)
rElec    .         Reflect  .   (no cloak)
rCorr    .         Harm     .   (no gloves)
MR       .....                  p - +0 pair of boots
Stlth    ..........             (no amulet)
HPRegen  0.17/turn              B - ring of positive energy
MPRegen  0.10/turn              (no ring)

@: no status effects
A: no striking features
a: Renounce Religion


You were on level 4 of the Dungeon.
You worshipped Okawaru.
Okawaru was noncommittal.
You were not hungry.

You visited 2 branches of the dungeon, and saw 5 of its levels.

You collected 169 gold pieces.

Inventory:

Hand Weapons
 a - a +0 war axe (weapon)
 l - a +0 hand axe
 t - a +0 hand axe
 w - a +0 hunting sling
Missiles
 g - 55 arrows
 y - 9 stones (quivered)
Armour
 b - a +0 scale mail (worn)
 c - a +0 shield (worn)
 p - a +0 pair of boots (worn)
 r - a +0 pair of boots
Jewellery
 B - a ring of positive energy (left hand)
Wands
 A - a wand of iceblast (11)
Scrolls
 e - a scroll of noise {unknown}
 h - a scroll of random uselessness {unknown}
 j - a scroll of amnesia {unknown}
 k - a scroll of immolation {unknown}
 o - 4 scrolls of identify
 q - 2 scrolls of fog {unknown}
 s - a scroll of blinking {unknown}
 v - a scroll of enchant armour {unknown}
 x - a scroll of remove curse {unknown}
 z - a scroll of teleportation {unknown}
Potions
 d - 2 potions of might
 i - a potion of curing
 m - a potion of mutation
 n - a potion of haste
 u - 2 potions of brilliance
Comestibles
 f - 7 rations


   Skills:
 + Level 4.5 Fighting
 + Level 5.6 Axes
 + Level 0.3 Throwing
 + Level 4.7 Armour
 + Level 0.6 Dodging
 + Level 0.1 Stealth
 + Level 4.0 Shields


You had 5 spell levels left.
You didn't know any spells.

Dungeon Overview and Level Annotations

Branches:
Dungeon (4/15)             Temple (1/1) D:4

Altars:
Ashenzari
Cheibriados
Fedhas
Kikubaaqudgha
Makhleb
Okawaru
Ru
Sif Muna
Trog
Vehumet
Zin
The Shining One

Shops:
D:4 %?((


Message History

Okawaru accepts your kill.
An ogre comes into view. It is wielding a giant spiked club.
The ogre shouts!
The ogre hits you with a giant spiked club!!
Ouch! That really hurt!
Your shield and scale mail prevent you from hitting the ogre.
The ogre hits you with a giant spiked club!!
* * * LOW HITPOINT WARNING * * *
You feel yourself speed up.
The ogre hits you with a giant spiked club.
* * * LOW HITPOINT WARNING * * *
Your extra speed is starting to run out.
You start resting.
You feel yourself slow down.
You start resting.
You open the door.
There is an open door here.
There is an open door here.
The ogre hits you with a giant spiked club!!
You die...

##.)......## #####'###....
##........## #.....#...#
#.........#########.###.#.###
##..........#......'.#>#.'.#
##.............#.#..#.#'#.###
###.......#...........#.....#
#.....#..∩.##....#.#..###'###
.## ...⌠.⌠##.†.#
#............# ...
....∩......# ##.@O.....####
... ...⌠.⌠......# ##.....###
#.. .............# ##....#
#.. ....∩....#.....##...##
#.. ......#####.........##
##. .....## ##....#...# #.
......#### #...####..## #.
.>.......###..## #...# #.
.............# ##†.## #.


You could see an ogre.

Vanquished Creatures
  An ogre (D:4)
  A howler monkey (D:4)
  A worker ant (D:4)
  6 adders
  2 oozes
  A worm (D:2)
  2 dart slugs
  3 leopard geckos
  A giant cockroach (D:1)
  6 goblins
  6 hobgoblins
  2 jackals (D:2)
  3 quokkas
  2 ball pythons
  8 bats
  3 frilled lizards
  9 kobolds
  6 rats
63 creatures vanquished.

Notes
Turn   | Place    | Note
-------+----------+-------------------------------------------
     0 | D:1      | DavoTC the Hill Orc Fighter began the quest for the Orb.
     0 | D:1      | Reached XP level 1. HP: 19/19 MP: 1/1
    40 | D:1      | Reached XP level 2. HP: 27/27 MP: 2/2
   209 | D:1      | Reached skill level 3 in Axes
   389 | D:1      | Reached XP level 3. HP: 32/33 MP: 3/3
  1254 | D:2      | Reached XP level 4. HP: 38/40 MP: 4/4
  1338 | D:2      | Reached skill level 4 in Axes
  2433 | D:3      | Found a glowing silver altar of Zin.
  2433 | D:3      | Noticed an angel
  2654 | D:3      | Found a deep blue altar of Sif Muna.
  4080 | D:4      | Found a glowing golden altar of the Shining One.
  4120 | D:4      | Found Cufeatat's Magic Scroll Emporium.
  4120 | D:4      | Found Felemo's Food Shop.
  4123 | D:4      | Found Momoud's Weapon Emporium.
  4142 | D:4      | Reached XP level 5. HP: 39/47 MP: 5/5
  4147 | D:4      | Found Juontei's Antique Weapon Shoppe.
  4149 | D:4      | Noticed an ogre
  4158 | D:4      | Killed an ogre
  4158 | D:4      | Reached skill level 5 in Axes
  4195 | D:4      | Found a staircase to the Ecumenical Temple.
  4213 | Temple   | Entered the Ecumenical Temple
  4402 | Temple   | Became a worshipper of Warmaster Okawaru
  4482 | D:4      | Reached XP level 6. HP: 22/53 MP: 6/6
  4985 | D:4      | Slain by an ogre

Skill      XL: |  1  2  3  4  5 |
---------------+----------------+-----
Axes           | 3 4 5 |  5.6
Fighting       | 4 |  4.5
Armour         | 4 |  4.7
Shields        | 4 |  4.0
Throwing       | |  0.3
Dodging        | |  0.6
Stealth        | |  0.1

Action                   |  1- 3 |  4- 6 || total
-------------------------+-------+-------++-------
Melee: War axe           |    96 |   132 ||   228
Throw: Javelin           |       |     9 ||     9
  Use: Potion            |     1 |     2 ||     3
       Scroll            |       |     3 ||     3
  Eat: Ration            |     1 |     3 ||     4
Armor: Scale mail        |    55 |    70 ||   125
Dodge: Dodged            |    27 |    51 ||    78
Block: Shield            |    58 |    58 ||   116
